 Dungeon Crawl Stone Soup version 0.18.1-50-g88ac8fd (webtiles) character file.

122 lorenzova the Charmwright (level 5, -2/61 HPs)
             Began as a Merfolk Skald on Oct 17, 2016.
             Slain by a water moccasin (3 damage)
             ... on level 2 of the Dungeon.
             The game lasted 00:08:59 (2664 turns).

lorenzova the Charmwright (Merfolk Skald)           Turns: 2664, Time: 00:08:59

Health: -2/61      AC: 22    Str: 18    XL:     5   Next: 6%
Magic:  2/9        EV:  2    Int: 11    God:
Gold:   158        SH:  0    Dex: 14    Spells: 2 memorised, 7 levels left

rFire  . . .     SeeInvis .     a - +0 spear
rCold  + . .     Gourm    .     (armour currently unavailable)
rNeg   + + +     Faith    .     (no shield)
rPois  +         Spirit   .     (helmet currently unavailable)
rElec  .         Dismiss  .     (cloak currently unavailable)
rCorr  .         Reflect  .     (gloves currently unavailable)
SustAt .         Harm     .     (boots currently unavailable)
MR     .....     NoTele   +     (no amulet)
Stlth  +.........               m - ring of protection from cold
                                e - +5 ring of strength

@: lethally poisoned (-2 -> -16), tree-form, infused, very slightly
contaminated, not resistant to hostile enchantments, very unstealthy
A: (change form in water), (swift swim)
a: no special abilities


You were on level 2 of the Dungeon.
You were hungry.
You were a tree.
You visited 1 branch of the dungeon, and saw 3 of its levels.

You collected 158 gold pieces.

Inventory:

Hand Weapons
 a - a +0 spear (weapon)
Armour
 b - a +0 leather armour (melded)
 h - a +0 cloak (melded)
Jewellery
 e - a +5 ring of strength (left branch)
 m - a ring of protection from cold (right branch)
Scrolls
 i - a scroll of amnesia {unknown}
 j - 2 scrolls of teleportation {unknown}
 k - a scroll of random uselessness {unknown}
 l - a scroll of magic mapping {unknown}
 n - a scroll of enchant armour {unknown}
 r - a scroll of identify
Potions
 f - a potion of brilliance
 q - a potion of curing {unknown}
Books
 c - a book of Battle

   Spells                             Type                      Level
   a - Infusion                       Charms                       1
   b - Shroud of Golubria             Charms/Translocation         2
   c - Song of Slaying                Charms                       2
   d - Spectral Weapon                Hexes/Charms                 3
   e - Regeneration                   Charms/Necromancy            3
Comestibles
 d - 2 bread rations
 p - a meat ration
 s - a slice of pizza


   Skills:
 * Level 3.4 Fighting
 - Level 3.0 Polearms
 - Level 0.6 Armour
 + Level 3.1 Dodging
 * Level 3.0 Spellcasting
 * Level 3.9 Charms


You had 7 spell levels left.
You knew the following spells:

 Your Spells              Type           Power        Failure   Level  Hunger
a - Infusion              Chrm           ##..         6%          1    #......
b - Song of Slaying       Chrm           ##......     10%         2    ###....


Dungeon Overview and Level Annotations

Branches:
Dungeon (3/15)

Altars:
Elyvilon
Ru

Annotations:
D:3 Grinder; Shufflesack's ghost, amateur DEWz


Message History

You hit the water moccasin.
The water moccasin is severely wounded.
* * * LOW HITPOINT WARNING * * *
You feel sick.
The water moccasin bites you but does no damage.
You closely miss the water moccasin.
The water moccasin is severely wounded.
* * * LOW HITPOINT WARNING * * *
You feel sick.
The water moccasin bites you but does no damage.
You closely miss the water moccasin.
The water moccasin is severely wounded.
* * * LOW HITPOINT WARNING * * *
You feel sick. The water moccasin bites you.
* * * LOW HITPOINT WARNING * * *
You barely miss the water moccasin.
The water moccasin is severely wounded.
* * * LOW HITPOINT WARNING * * *
You feel sick. The water moccasin bites you.
You die...

.....#.#..≈≈≈..#.....#
.....##.#######.>....#
.....###.............#
.....# ###...........#
.....# #####.......#
.....# #.......#
.....# #.......#
.....# #.S.....#
.....# #..♣.(..#
###### #########


You could see a water moccasin.

Vanquished Creatures
  An orc wizard (D:3)
  3 adders
  2 worms (D:2)
  5 giant geckos
  3 orcs (D:3)
  2 giant cockroaches (D:1)
  2 goblins (D:1)
  7 hobgoblins
  4 jackals (D:1)
  A ball python (D:2)
  5 bats
  4 giant newts
  10 kobolds
  8 rats
57 creatures vanquished.

Notes
Turn   | Place    | Note
--------------------------------------------------------------
     0 | D:1      | lorenzova the Merfolk Skald began the quest for the Orb.
     0 | D:1      | Reached XP level 1. HP: 16/16 MP: 3/3
   410 | D:1      | Reached XP level 2. HP: 23/23 MP: 5/5
   605 | D:1      | Reached XP level 3. HP: 18/28 MP: 6/6
  1599 | D:2      | Learned a level 2 spell: Song of Slaying
  1622 | D:2      | Found a white marble altar of Elyvilon.
  1791 | D:2      | Reached XP level 4. HP: 31/35 MP: 4/8
  1811 | D:2      | Found a sacrificial altar of Ru.
  2477 | D:3      | Reached XP level 5. HP: 29/41 MP: 9/9
  2624 | D:3      | Noticed Grinder
  2624 | D:3      | Noticed a water moccasin
  2624 | D:3      | Paralysed by Grinder for 6 turns
  2630 | D:3      | Noticed Shufflesack's ghost (amateur DEWz)
  2663 | D:2      | HP: 2/61 [poisoned by a water moccasin]
  2664 | D:2      | Slain by a water moccasin

Skill      XL: |  1  2  3  4 |
---------------+-------------+-----
Dodging        | 2 3 |  3.1
Fighting       | 3 |  3.4
Spellcasting   | 3 |  3.0
Polearms       | |  3.0
Armour         | |  0.6
Charms         | |  3.9

Action                   |  1- 3 |  4- 6 || total
-------------------------+-------+-------++-------
Melee: Spear             |   181 |    93 ||   274
 Cast: Infusion          |     3 |     2 ||     5
       Song of Slaying   |     1 |     1 ||     2
  Use: Potion            |       |     6 ||     6
       Scroll            |       |     2 ||     2
 Stab: Sleeping          |     1 |       ||     1
  Eat: Chunk             |     3 |     1 ||     4
       Beef jerky        |       |     1 ||     1
Armor: Leather armour    |    29 |    25 ||    54
       Skin              |       |    17 ||    17
Dodge: Dodged            |    87 |    51 ||   138
